 Dungeon Crawl Stone Soup version 0.20.1-1-g8b1a95d (webtiles) character file.

109 smedtjen the Skirmisher (level 4, 0/46 (49) HPs)
             Began as an Ogre Berserker on May 30, 2017.
             Was an Initiate of Nemelex Xobeh.
             Slain by a black bear (4 damage)
             ... created by the rage of Trog
             ... on level 3 of the Dungeon on Nov 7, 2017.
             The game lasted 00:15:27 (2802 turns).

smedtjen the Skirmisher (Ogre Berserker)            Turns: 2802, Time: 00:15:30

HP:   0/46 (49)     AC:  3    Str: 21 (22) XL:     4   Next: 89%
MP:   4/4           EV: 10    Int:  8      God:    Nemelex Xobeh [......]
Gold: 149           SH:  0    Dex:  8      Spells: 3/3 levels left

rFire    . . .     SeeInvis .   k - +0 trident
rCold    . . .     Gourm    .   (no shield)
rNeg     . . .     Faith    .   b - +0 animal skin
rPois    .         Spirit   .   (helmet restricted)
rElec    .         Reflect  .   (no cloak)
rCorr    .         Harm     .   (gloves unavailable)
MR       .....                  (boots unavailable)
Stlth    +.........             (no amulet)
Regen    0.2/turn               (no ring)
MPRegen  0.1/turn               (no ring)

@: confused
A: unfitting armour, tough skin 1
a: Renounce Religion


You were on level 3 of the Dungeon.
You worshipped Nemelex Xobeh.
Nemelex Xobeh was noncommittal.
You were not hungry.

You visited 1 branch of the dungeon, and saw 3 of its levels.

You collected 149 gold pieces.

Inventory:

Hand Weapons
 a - a +0 hand axe
 k - a +0 trident (weapon)
 l - a +0 falchion
 m - a +0 flail
Armour
 b - a +0 animal skin (worn)
Magical Staves
 n - an uncursed staff of air
Scrolls
 d - 3 scrolls of identify
 e - a scroll of remove curse
 f - a scroll of amnesia {unknown}
 h - 2 scrolls of teleportation
 j - a scroll of magic mapping
 r - a scroll of fog {unknown}
Potions
 g - 2 potions of haste
 o - 2 potions of curing {unknown}
Miscellaneous
 p - a plain deck of destruction {tits}
Comestibles
 c - a bread ration
 i - 3 royal jellies
 q - a chunk of flesh


   Skills:
 + Level 4.9 Fighting
 + Level 0.1 Long Blades
 + Level 3.0 Axes
 + Level 3.4 Dodging
 + Level 0.4 Stealth


You had 3 spell levels left.
You didn't know any spells.

Dungeon Overview and Level Annotations

Branches:
Dungeon (3/15)

Altars:
Fedhas
Nemelex Xobeh

Annotations:
D:3 Grinder


Innate Abilities, Weirdness & Mutations

You are too large for most types of armour.
You have tough skin. (AC +1)


Message History

2 polar bears and 2 black bears come into view.
You are too confused!
You are too confused!
You are too confused!
You are too confused!
You are too confused!
You are too confused!
You are too confused!
You bump into the rock wall.
Grinder gestures at you. Pain shoots through your body!
The orc barely misses you.
You're too confused to move!
Grinder hits you.
You writhe in agony.
You miss the polar bear. The black bear bites you!
* * * LOW HITPOINT WARNING * * *
The black bear claws you.
* * * LOW HITPOINT WARNING * * *
The black bear barely misses you. The black bear closely misses you. x2
The black bear claws you.
You die...
Your body disappears without a glow.

#.# #.##.....# *,*,,,,*** #.#
#.#...#### *,*,***,*, #.##
#......########,,,* **,, ...##
###............,,,* *,, >...#
##.##########*,** *,, ....# #.#
****,*****,, #.#.# #.#
*,,,<,,,,,,,
..#.#**######.########.#*,******,
###..,........hh@5o....#*,******,
*#############hh......,,,,,,,,,
*,,,..?......,,******* *****
*,*##########*** ,,,,* *,* ***,*
*,* * *,* *,* * *,* *,* *
*,********,*


You could see 2 polar bears, Grinder, 2 black bears and an orc.

Vanquished Creatures
  4 adders
  An ooze (D:3)
  A dart slug (D:1)
  2 leopard geckos
  4 orcs (D:3)
  4 giant cockroaches
  6 goblins
  8 hobgoblins
  3 jackals (D:1)
  8 kobolds
  3 quokkas (D:2)
  A ball python (D:1)
  3 bats (D:2)
  3 frilled lizards
  7 rats
58 creatures vanquished.

Notes
Turn   | Place    | Note
-------+----------+-------------------------------------------
     0 | D:1      | smedtjen the Ogre Berserker began the quest for the Orb.
     0 | D:1      | Reached XP level 1. HP: 24/24 MP: 1/1
   285 | D:1      | Reached XP level 2. HP: 28/33 MP: 2/2
   428 | D:1      | You fall through a shaft!
   823 | D:1      | Reached XP level 3. HP: 40/40 MP: 3/3
  1077 | D:2      | Reached ** piety under Trog
  1162 | D:2      | Upgraded the game from 0.20.0-8-g6b59dc7 to 0.20.1-1-g8b1a95d
  1437 | D:2      | Reached XP level 4. HP: 10/49 MP: 4/4
  1547 | D:2      | Found a sparkling altar of Nemelex Xobeh.
  1607 | D:2      | Fell from the grace of Trog
  1607 | D:2      | Became a worshipper of Nemelex Xobeh the Trickster
  2225 | D:3      | Found a blossoming altar of Fedhas.
  2581 | D:3      | Received a gift from Nemelex Xobeh
  2792 | D:3      | Noticed Grinder
  2800 | D:3      | Noticed a black bear
  2800 | D:3      | Noticed a polar bear
  2800 | D:3      | Noticed a black bear
  2800 | D:3      | Noticed a polar bear
  2802 | D:3      | Slain by a black bear

Skill      XL: |  1  2  3  4 |
---------------+-------------+-----
Dodging        | 3 |  3.4
Axes           | 3 |  3.0
Fighting       | |  4.9
Long Blades    | |  0.1
Stealth        | |  0.4

Action                   |  1- 3 |  4- 6 || total
-------------------------+-------+-------++-------
Melee: Hand axe          |   132 |    12 ||   144
       Falchion          |       |    28 ||    28
       Staff             |       |    25 ||    25
       Trident           |       |    14 ||    14
Invok: Berserk           |     2 |       ||     2
  Use: Scroll            |       |     4 ||     4
 Stab: Distracted        |     1 |       ||     1
  Eat: Chunk             |     3 |     1 ||     4
       Bread ration      |       |     1 ||     1
Armor: Animal skin       |    45 |    21 ||    66
Dodge: Dodged            |    83 |    48 ||   131
       Rpst.: Falchion   |       |     4 ||     4
